 Dungeon Crawl Stone Soup version 0.30-a0-782-ge64f9170bb (webtiles) character file.

Game seed: 3104693427097730524

114 Leeroy the Slasher (level 4, -1/33 HPs)
             Began as a Merfolk Gladiator on Feb 25, 2023.
             Slain by a water moccasin (5 damage)
             ... in a sewer.
             The game lasted 00:02:21 (2216 turns).

Leeroy the Slasher (Merfolk Gladiator)              Turns: 2216, Time: 00:02:21

Health: -1/33      AC:  4    Str: 14    XL:     4   Next: 98%
Magic:  4/4        EV: 16    Int:  7    God:
Gold:   61         SH:  0    Dex: 17    Spells: 3/3 levels left

rFire   . . .      SeeInvis .    k - +1 short sword (venom)
rCold   . . .      Faith    .    (no shield)
rNeg    . . .      Spirit   .    b - +0 leather armour
rPois   .          Reflect  .    c - +0 helmet
rElec   .          Harm     .    (no cloak)
rCorr   .          Rampage  .    (no gloves)
Will    .....                    (no boots)
Stlth   ++                       (no amulet)
HPRegen 0.25/turn                (no ring)
MPRegen 0.09/turn                (no ring)

@: lethally poisoned (-1 -> -11), flying, very quick
A: nimble swimmer 2, mertail
a: no special abilities


You were in a sewer.
You visited 1 branch of the dungeon, and saw 3 of its levels.
You also visited: Sewer.

You collected 61 gold pieces.

Inventory:

Hand Weapons
 a - a +0 long sword
 k - a +1 short sword of venom (weapon)
Missiles
 d - 3 throwing nets (quivered)
 e - a javelin
Armour
 b - a +0 leather armour (worn)
 c - a +0 helmet (worn)
Jewellery
 m - a +5 ring of evasion
Scrolls
 f - 3 scrolls of identify {unknown}
 g - 3 scrolls of enchant armour {unknown}
 i - a scroll of teleportation {unknown}
 j - a scroll of fog {unknown}
 o - a scroll of amnesia {unknown}
 p - 3 scrolls of enchant weapon {unknown}
 r - a scroll of blinking {unknown}
Potions
 n - a potion of magic


   Skills:
 - Level 2.1 Fighting
 + Level 6.6 Long Blades
 - Level 2.0 Throwing
 - Level 4.0 Dodging


You had 3 spell levels left.
You didn't know any spells.
Your spell library contained the following spells:

 Spells                   Type           Power      Damage    Failure   Level
 Slow                     Hex            0%         N/A       52%         1
 Confusing Touch          Hex            0%         N/A       87%         3
 Dazzling Flash           Conj/Hex       0%         N/A       87%         3
 Vampiric Draining        Necr           0%         2d6       87%         3
 Agony                    Necr           0%         N/A       100%        5
 Silence                  Hex/Air        0%         N/A       100%        5


Dungeon Overview and Level Annotations

Branches:
Dungeon (3/15)              Sewer (1/1)

Altars:
Fedhas


Innate Abilities, Weirdness & Mutations

You are very nimble when in or above water. (Stealth+, EV+, Speed+++)
Your lower body shifts to a powerful aquatic tail in water.


Message History

The water moccasin bites you.
You are poisoned.
The water moccasin poisons you!
You feel very sick. The water moccasin barely misses you.
Your legs become a tail as you enter the water.
You feel very sick.
You closely miss the water moccasin.
You feel sick. The water moccasin bites you.
You are lethally poisoned!
The water moccasin poisons you!
You barely miss the water moccasin.
You feel very sick. The water moccasin barely misses you.
Okay, then.
It was a potion of magic.
Magic courses through your body.
* * * LOW HITPOINT WARNING * * *
You feel very sick.
The water moccasin completely misses you. x2
It was a potion of flight.
You feel very buoyant.
Your tail turns into legs as you fly out of the water.
* * * LOW HITPOINT WARNING * * *
You feel very sick. The water moccasin barely misses you.
It was a potion of curing.
You feel better. The water moccasin bites you.
You are lethally poisoned!
The water moccasin poisons you!
The water moccasin completely misses you.
It was a potion of lignification.
You feel woody for a moment.
* * * LOW HITPOINT WARNING * * *
You feel very sick. The water moccasin barely misses you.
You aren't carrying any items that you can evoke.
Unknown command.
You closely miss the water moccasin.
* * * LOW HITPOINT WARNING * * *
You feel very sick. The water moccasin bites you.
You die...

..... ..... ... ...
####### #.#
##.....## #!#
##...†...## #.#
##..†††≈...#######.#
#∩∩.≈≈†≈@S.........#
##...≈≈≈...#######.#
##...≈...## #.#
##.....## #.#
####### #.# #.# #.#
#∩#


You could see a water moccasin.

Vanquished Creatures
  3 adders
  A river rat (D:3)
  A worm (D:2)
  A dart slug (D:1)
  7 ball pythons
  15 bats
  3 endoplasms
  2 giant cockroaches
  4 goblins
  4 hobgoblins
  11 jackals (D:1)
  4 kobolds
  2 quokkas
  2 frilled lizards
  9 rats
69 creatures vanquished.

Vanquished Creatures (others)
  An adder (D:3)
  2 fungi (D:1)
  3 plants (D:1)
6 creatures vanquished.

Grand Total: 75 creatures vanquished

Notes
Turn   | Place    | Note
-------+----------+-------------------------------------------
     0 | D:1      | Leeroy the Merfolk Gladiator began the quest for the Orb.
     0 | D:1      | Reached XP level 1. HP: 16/16 MP: 1/1
    57 | D:1      | Reached skill level 4 in Long Blades
   254 | D:1      | Reached XP level 2. HP: 22/22 MP: 2/2
   480 | D:1      | Reached XP level 3. HP: 27/27 MP: 3/3
   541 | D:1      | Reached skill level 5 in Long Blades
   569 | D:1      | Found a faded altar of an unknown god.
  1289 | D:2      | Found a blossoming altar of Fedhas.
  1418 | D:2      | Reached XP level 4. HP: 33/33 MP: 4/4
  1496 | D:2      | Reached skill level 6 in Long Blades
  2109 | D:3      | Found a glowing drain.
  2149 | Sewer    | Entered a sewer
  2197 | Sewer    | Noticed a water moccasin
  2216 | Sewer    | Slain by a water moccasin

Illustrated notes

Levels and vault maps discovered:
D:1:      minmay_arrival_nine_rooms, layout_loops_ring,
          dreamdust_ecumenical_altar_hidden_monk_grotto
D:2:      layout_loops_ring, basic_altar, serial_bayou_pond_c
D:3:      layout_basic, lightli_sewer_entry_pipes,
          chequers_serial_rivers_micro_d, lemuel_flame_loot_1
Sewer:    sewer_big_baddie

Skill      XL: |  1  2  3  4 |
---------------+-------------+-----
Long Blades    | 4 5 6 |  6.6
Fighting       | |  2.1
Throwing       | |  2.0
Dodging        | |  4.0

Action                     |  1- 3 |  4- 6 || total
---------------------------+-------+-------++-------
  Melee: Long sword        |    50 |       ||    50
         Short sword       |    84 |    71 ||   155
         Punch             |     2 |     1 ||     3
         Tailslap          |       |     5 ||     5
    Use: Potion            |       |     4 ||     4
   Stab: Sleeping          |     2 |     2 ||     4
 Armour: Leather armour    |    40 |    11 ||    51
  Dodge: Dodged            |    83 |    78 ||   161

Table legend: (Time is in decaauts)
 A = Elapsed time spent in this place.
 B = Non-inter-level travel time spent in this place.
 C = Inter-level travel time spent in this place.
 D = Time resting spent in this place.
 E = Time spent auto-exploring this place.
 F = Levels seen in this place.
 G = Mean time per level.
                   A        B        C        D        E       F      G
               +--------+--------+--------+--------+--------+-----+--------+
         Total |   2164 |   2012 |    152 |      0 |   1587 |   4 |  541.0 |
       Dungeon |   2107 |   1955 |    152 |      0 |   1576 |   3 |  702.3 |
         Sewer |     57 |     57 |      0 |      0 |     10 |   1 |   57.0 |
               +--------+--------+--------+--------+--------+-----+--------+

Top non-repeatable levels by time:
     D:1: 1047 daAuts
     D:2: 784 daAuts
     D:3: 274 daAuts
   Sewer: 57 daAuts
